 Dungeon Crawl Stone Soup version 0.31-a0-161-gb58dd9be76 (webtiles) character file.

Game seed: 17045685846038919175

8400 qw the Cleaver (level 11, -11/71 HPs)
             Began as a Gargoyle Fighter on June 12, 2023.
             Was a Priest of Okawaru.
             Killed from afar by a hell hog (33 damage)
             ... with a fireball
             ... in a Gauntlet.
             The game lasted 00:04:41 (9447 turns).

qw the Cleaver (Gargoyle Fighter)                   Turns: 9447, Time: 00:04:42

Health: -11/71     AC: 34    Str: 31    XL:     11   Next: 30%
Magic:  12/14      EV: 10    Int:  8    God:    Okawaru [***...]
Gold:   707        SH:  6    Dex:  9    Spells: 10/10 levels left

rFire   . . .        Y - +0 war axe (protect)
rCold   . . .        c - +0 buckler
rNeg    + . .        a - +0 plate armour
rPois   inf          o - +0 helmet
rElec   +            s - +1 cloak
rCorr   .            (no gloves)
SInv    .            (no boots)
Will    .....        (no amulet) Stlth
                     i - +6 ring of strength
HPRegen 0.31/turn    (no ring)
MPRegen 0.14/turn

%: no teleportation
@: heroic, under a protective aura
A: sickness immunity, AC +8, negative energy resistance 1, electricity
resistance, torment resistance 1, petrification resistance
a: Renounce Religion, Heroism


You were in a Gauntlet.
You worshipped Okawaru.
Okawaru was most pleased with you.
You visited 2 branches of the dungeon, and saw 11 of its levels.
You also visited: Gauntlet.

You collected 795 gold pieces.
You spent 88 gold pieces at shops.


Innate Abilities, Weirdness & Mutations

You are immune to sickness and miasma.
Your stone body is resilient. (AC +8)
You are immune to poison.
You resist negative energy. (rN+)
You are resistant to electric shocks. (rElec)
You are resistant to unholy torment.
You are immune to petrification.


   Skills:
 - Level 9.1(14.1) Fighting
 - Level 11.6(16.6) Axes
 - Level 2.2(7.2) Throwing
 + Level 7.5(12.5) Armour
 - Level 2.3(7.3) Dodging
 - Level 5.0(10.0) Shields
 - Level 4.2 Invocations


You had 10 spell levels left.
You didn't know any spells.
Your spell library was empty.

Inventory:

Hand Weapons
 r - a +0 morningstar
 Y - a +0 war axe of protection (weapon)
Missiles
 e - 11 boomerangs (quivered)
Armour
 a - a +0 plate armour (worn)
 c - a +0 buckler (worn)
 g - a +0 chain mail of cold resistance
 o - a +0 helmet (worn)
 s - a +1 cloak (worn)
Jewellery
 i - a +6 ring of strength (left hand)
 l - a ring of ice
Scrolls
 p - 5 scrolls of identify
Potions
 b - a potion of haste
 d - 5 potions of might
 f - 2 potions of cancellation
 h - a potion of magic
 j - 5 potions of heal wounds
 k - a potion of curing
 m - a potion of mutation
 q - 2 potions of lignification

Dungeon Overview and Level Annotations

Branches:
Dungeon (10/15)            Temple (0/1) D:7            Lair (1/5) D:10
Gauntlet (1/1)
    Orc: D:9-12

Altars:
Ashenzari
Cheibriados
Fedhas
Hepliaklqana
Kikubaaqudgha
Okawaru
Ru
Vehumet
Wu Jian
Xom

Shops:
D:2 [   D:5 *

Annotations:
D:3 1 runed translucent door, qw's ghost, amateur MiHu Gauntlet 11 transporters


Message History

Enter note: Partly explored, unvisited transporter.
The hell hound barks!
The wizard shouts!
You hear a bark!
The white imp shouts, "Remove thy stench, thou goatish hasty-witted wastrel!"
The hell hound barks!
The hell hog squeals angrily.
The hell hound pauses to sniff the ground.
There is a transporter here.
Enter note:
Enter note:
Enter note: Partly explored, unvisited transporter.
You enter the transporter and appear at another place.
There are monsters nearby!
There are monsters nearby!
There are monsters nearby!
There are monsters nearby!
9443 ||| INVOKING Heroism.
You gain the combat prowess of a mighty hero.
The hell hog bites you. The hell hound breathes flames at you.
The blast of flame hits the fire bat.
The fire bat completely resists.
The blast of flame hits the fire bat.
The fire bat completely resists.
The blast of flame misses the hell hog.
The blast of flame hits you.
The hell hog bites you but does no damage.
You hit the hell hog but do no damage.
Your weapon exudes an aura of protection.
The hell hog bites you!
You barely miss the hell hog.
The hell hog bites you but does no damage.
You slice the hell hog!!
The hell hog is moderately wounded.
The hell hog breathes fire at you.
The fireball explodes!
The fireball engulfs you!!
The fireball engulfs the hell hog.
The hell hog completely resists.
You slice the hell hog!!
The hell hog is severely wounded.
The hell hog breathes fire at you.
The fireball explodes!
The fireball engulfs you!!
You die...

### ### ### ### ### ###
#8# #8# #8# #8# #8# #8#
########################
......................~###
.......................#8#
#######...###########..###
......#.8.#.........#..#
.4..#.#...#b##..@##.#..###
#.##..#####h#.#.#h#.#..#8#
#.##..#...#[.##.##bh#..###
.^.#..#^.^#^.#.^.#bh#^.#
#.##..#...#?.##.##..#..###
#.##..#####)#.#.#.#.#..#8#
....#4#...#.##...##.#..###
.....2#...#......bbh#..#
#######...###########..###


You could see a hell hog (catching breath), 2 hell hounds and 2 fire bats.

Vanquished Creatures
  A gargoyle (D:10)
  2 unseen horror zombies (D:9)
  2 trolls (D:9)
  A hornet (D:7)
  Prince Ribbit (D:9)
  A shadow (D:10)
  4 wyverns (D:10)
  11 yaks
  A wraith (D:10)
  A steam dragon (D:9)
  4 water moccasins
  2 orc warriors
  2 sky beasts
  An ice beast (D:5)
  2 black bears
  3 ogres
  2 centaurs
  4 bullfrogs
  A gnoll sergeant (D:9)
  7 scorpions
  7 wights
  6 killer bees
  2 howler monkeys (D:8)
  A crimson imp (D:9)
  A spectral centaur (D:9)
  2 hounds
  A centaur zombie (D:9)
  A gnoll bouda (D:8)
  6 orc priests
  A centaur skeleton (D:9)
  2 iguanas
  16 orc wizards
  8 gnolls
  7 adders
  2 shadow imps
  2 white imps
  3 ufetubi
  6 worms
  6 dart slugs
  46 orcs
  9 ball pythons
  7 endoplasms
  2 giant cockroaches
  7 goblins
  10 hobgoblins
  14 kobolds
  5 quokkas
  A bat (D:3)
  2 frilled lizards
  7 rats
243 creatures vanquished.

Notes
Turn   | Place    | Note
-------+----------+-------------------------------------------
     0 | D:1      | qw the Gargoyle Fighter began the quest for the Orb.
     0 | D:1      | Reached XP level 1. HP: 14/14 MP: 1/1
     0 | D:1      | 0 ||| qw: Version: 0.2-a-29-gc1b59c4
     0 | D:1      | 0 ||| qw: Game counter: 4225
     0 | D:1      | 0 ||| qw: Always use a shield: true
     0 | D:1      | 0 ||| qw: God list: Okawaru
     0 | D:1      | 0 ||| qw: Allow faded altars: false
     0 | D:1      | 0 ||| qw: Do Orc after D:15 true
     0 | D:1      | 0 ||| qw: Do second Lair branch before Depths: true
     0 | D:1      | 0 ||| qw: Lair rune preference: random
     0 | D:1      | 0 ||| qw: Plans: Normal, Zot:1-4, Slime:5, God:TSO, Crypt,
                  | Tomb, Abyss, Pan, Hells, Win
     0 | D:1      | 0 ||| PLANNING D:1-11
    31 | D:1      | 31 ||| Stepping ~*~*~tactically~*~*~ (hiding).
    39 | D:1      | Reached skill level 2 in Axes
   150 | D:1      | 150 ||| Stepping ~*~*~tactically~*~*~ (hiding).
   328 | D:1      | Found a faded altar of an unknown god.
   348 | D:1      | 348 ||| Stepping ~*~*~tactically~*~*~ (stealth).
   349 | D:1      | 349 ||| Stepping ~*~*~tactically~*~*~ (hiding).
   356 | D:1      | Reached XP level 2. HP: 19/19 MP: 2/2
   415 | D:1      | 415 ||| DROPPING +0 club.
   579 | D:1      | 579 ||| Stepping ~*~*~tactically~*~*~ (stealth).
   580 | D:1      | 580 ||| Stepping ~*~*~tactically~*~*~ (stealth).
   584 | D:1      | Reached skill level 3 in Axes
   591 | D:1      | Reached XP level 3. HP: 22/23 MP: 3/3
   665 | D:1      | 665 ||| Stepping ~*~*~tactically~*~*~ (stealth).
  1003 | D:1      | 1003 ||| READING scroll labelled TUPPOGR REWN.
  1004 | D:1      | 1004 ||| READING scroll labelled CYG APOG KEK.
  1105 | D:1      | 1105 ||| READING scroll labelled DIPPEQ KUEXZACH.
  1106 | D:1      | 1106 ||| READING scroll labelled JOUWONETEKH.
  1107 | D:1      | 1107 ||| DRINKING 2 inky potions.
  1113 | D:1      | 1113 ||| DROPPING potion of ambrosia.
  1136 | D:2      | 1136 ||| Stepping ~*~*~tactically~*~*~ (stealth).
  1409 | D:2      | Reached XP level 4. HP: 28/28 MP: 4/4
  1491 | D:2      | Reached skill level 4 in Axes
  1545 | D:2      | Found Pagok's Antique Armour Boutique.
  1552 | D:2      | 1552 ||| SHOPLISTING pair of gloves (108 gold, have 96).
  1695 | D:2      | 1695 ||| DROPPING orb of mayhem.
  1696 | D:2      | 1696 ||| UPGRADING to +0 chain mail of cold resistance.
  1706 | D:2      | 1706 ||| DROPPING +0 scale mail.
  1707 | D:2      | 1707 ||| READING scroll labelled ELLOVV RUCSOCS.
  1708 | D:2      | 1708 ||| DRINKING 2 golden potions.
  1725 | D:3      | 1725 ||| PLANNING SEWER
  1837 | D:3      | 1837 ||| Stepping ~*~*~tactically~*~*~ (stealth).
  1838 | D:3      | 1838 ||| Stepping ~*~*~tactically~*~*~ (stealth).
  1874 | D:3      | You fall into a shaft and drop 3 floors!
  1876 | D:6      | Noticed a black bear
  1886 | D:6      | Killed a black bear
  1887 | D:6      | Reached skill level 5 in Axes
  1887 | D:6      | Reached XP level 5. HP: 23/32 MP: 5/5
  2001 | D:6      | 2001 ||| UPGRADING to +0 plate armour.
  2011 | D:6      | 2011 ||| DRINKING 2 coppery potions.
  2019 | D:5      | Entered Level 5 of the Dungeon
  2039 | D:5      | Reached XP level 6. HP: 37/38 MP: 6/6
  2065 | D:5      | Found Doifoe's General Store.
  2077 | D:5      | 2077 ||| BUYING potion of mutation (88 gold).
  2077 | D:5      | Bought a potion of mutation for 88 gold pieces
  2077 | D:5      | 2077 ||| SHOPLISTING scroll of teleportation (33 gold, have
                  | 30).
  2189 | D:5      | 2189 ||| UPGRADING to +6 ring of strength.
  2190 | D:5      | 2190 ||| READING scroll labelled DOASAL BUBB.
  2276 | D:4      | 2276 ||| Stepping ~*~*~tactically~*~*~ (hiding).
  2277 | D:4      | 2277 ||| Stepping ~*~*~tactically~*~*~ (hiding).
  2285 | D:4      | Reached skill level 6 in Axes
  2285 | D:4      | 2285 ||| Stepping ~*~*~tactically~*~*~ (stealth).
  2371 | D:4      | Reached skill level 1 in Dodging
  2371 | D:4      | Reached XP level 7. HP: 43/43 MP: 7/7
  2372 | D:4      | 2372 ||| Stepping ~*~*~tactically~*~*~ (stealth).
  2405 | D:4      | 2405 ||| DROPPING +0 whip.
  2420 | D:4      | Found an iron altar of Okawaru.
  2448 | D:4      | 2448 ||| Stepping ~*~*~tactically~*~*~ (hiding).
  2487 | D:4      | Found an ornate altar of the Wu Jian Council.
  2488 | D:4      | Found a shimmering altar of Xom.
  2614 | D:4      | 2614 ||| RIP SEWER
  2614 | D:4      | 2614 ||| PLANNING OKAWARU WORSHIP
  2657 | D:6      | 2657 ||| RIP OSSUARY
  2658 | D:6      | 2658 ||| PLANNING OKAWARU WORSHIP
  2658 | D:6      | 2658 ||| STAIRDANCE
  2693 | D:4      | 2693 ||| Stepping ~*~*~tactically~*~*~ (stealth).
  2694 | D:4      | 2694 ||| Stepping ~*~*~tactically~*~*~ (stealth).
  2695 | D:4      | 2695 ||| Stepping ~*~*~tactically~*~*~ (stealth).
  2745 | D:4      | Became a worshipper of Warmaster Okawaru
  2745 | D:4      | 2745 ||| PLANNING D:1-11
  2802 | D:3      | 2802 ||| RIP SEWER
  2809 | D:3      | Found a sacrificial altar of Ru.
  2814 | D:3      | 2814 ||| Stepping ~*~*~tactically~*~*~ (hiding).
  2815 | D:3      | 2815 ||| Stepping ~*~*~tactically~*~*~ (hiding).
  2816 | D:3      | 2816 ||| Stepping ~*~*~tactically~*~*~ (hiding).
  3302 | D:3      | Found a runed translucent door.
  3308 | D:3      | Noticed qw's ghost (amateur MiHu)
  3823 | D:4      | 3823 ||| Stepping ~*~*~tactically~*~*~ (hiding).
  3946 | D:4      | Found a radiant altar of Vehumet.
  4023 | D:4      | 4023 ||| Stepping ~*~*~tactically~*~*~ (stealth).
  4189 | D:4      | 4189 ||| DRINKING 3 grey potions.
  4190 | D:4      | 4190 ||| DRINKING 2 white potions.
  4191 | D:4      | 4191 ||| DROPPING potion of invisibility.
  4221 | D:5      | Reached skill level 7 in Axes
  4284 | D:5      | 4284 ||| Stepping ~*~*~tactically~*~*~ (stealth).
  4286 | D:5      | 4286 ||| Stepping ~*~*~tactically~*~*~ (hiding).
  4319 | D:5      | Reached * piety under Okawaru
  4320 | D:5      | Reached XP level 8. HP: 49/49 MP: 8/8
  4353 | D:5      | Reached skill level 1 in Invocations
  4725 | D:5      | 4725 ||| INVOKING Heroism.
  4813 | D:5      | 4813 ||| READING scroll labelled JODIOM LYASH.
  4900 | D:6      | Found an ancient bone altar of Kikubaaqudgha.
  4964 | D:6      | 4964 ||| Stepping ~*~*~tactically~*~*~ (hiding).
  4966 | D:6      | 4966 ||| Stepping ~*~*~tactically~*~*~ (hiding).
  4967 | D:6      | 4967 ||| Stepping ~*~*~tactically~*~*~ (hiding).
  4973 | D:6      | 4973 ||| INVOKING Heroism.
  4977 | D:6      | 4977 ||| Stepping ~*~*~tactically~*~*~ (hiding).
  4983 | D:6      | Reached skill level 3 in Invocations
  4986 | D:6      | 4986 ||| Stepping ~*~*~tactically~*~*~ (stealth).
  4987 | D:6      | 4987 ||| Stepping ~*~*~tactically~*~*~ (stealth).
  4992 | D:6      | 4992 ||| Stepping ~*~*~tactically~*~*~ (stealth).
  4994 | D:6      | 4994 ||| Stepping ~*~*~tactically~*~*~ (hiding).
  4996 | D:6      | 4996 ||| Stepping ~*~*~tactically~*~*~ (hiding).
  4998 | D:6      | 4998 ||| Stepping ~*~*~tactically~*~*~ (hiding).
  5113 | D:6      | 5113 ||| DRINKING potion of curing.
  5113 | D:6      | 5113 ||| (to cure confusion)
  5348 | D:6      | 5348 ||| INVOKING Heroism.
  5618 | D:7      | Reached skill level 8 in Axes
  5636 | D:7      | 5636 ||| Stepping ~*~*~tactically~*~*~ (stealth).
  5648 | D:7      | 5648 ||| Stepping ~*~*~tactically~*~*~ (hiding).
  5650 | D:7      | 5650 ||| Stepping ~*~*~tactically~*~*~ (hiding).
  5652 | D:7      | 5652 ||| INVOKING Heroism.
  5658 | D:7      | Reached XP level 9. HP: 41/55 MP: 9/12
  5667 | D:7      | Reached skill level 6 in Fighting
  5667 | D:7      | 5667 ||| INVOKING Heroism.
  5690 | D:7      | 5690 ||| Stepping ~*~*~tactically~*~*~ (stealth).
  5696 | D:7      | 5696 ||| INVOKING Heroism.
  5868 | D:7      | Found a staircase to the Ecumenical Temple.
  5908 | D:7      | 5908 ||| Stepping ~*~*~tactically~*~*~ (hiding).
  5919 | D:7      | Noticed a hornet
  5920 | D:7      | 5920 ||| Stepping ~*~*~tactically~*~*~ (stealth).
  5943 | D:7      | 5943 ||| INVOKING Heroism.
  5957 | D:7      | Killed a hornet
  5958 | D:7      | Reached skill level 9 in Axes
  6067 | D:7      | Found a broken altar of Ashenzari.
  6142 | D:7      | 6142 ||| Stepping ~*~*~tactically~*~*~ (stealth).
  6143 | D:7      | 6143 ||| Stepping ~*~*~tactically~*~*~ (stealth).
  6148 | D:7      | 6148 ||| Stepping ~*~*~tactically~*~*~ (stealth).
  6150 | D:7      | 6150 ||| Stepping ~*~*~tactically~*~*~ (hiding).
  6152 | D:7      | 6152 ||| Stepping ~*~*~tactically~*~*~ (hiding).
  6153 | D:7      | 6153 ||| Stepping ~*~*~tactically~*~*~ (hiding).
  6155 | D:7      | 6155 ||| Stepping ~*~*~tactically~*~*~ (hiding).
  6161 | D:7      | 6161 ||| INVOKING Heroism.
  6265 | D:7      | 6265 ||| Stepping ~*~*~tactically~*~*~ (stealth).
  6266 | D:7      | 6266 ||| Stepping ~*~*~tactically~*~*~ (stealth).
  6267 | D:7      | 6267 ||| INVOKING Heroism.
  6353 | D:7      | 6353 ||| INVOKING Heroism.
  6383 | D:7      | Found a snail-covered altar of Cheibriados.
  6523 | D:7      | 6523 ||| READING 2 scrolls of identify.
  6523 | D:7      | 6523 ||| IDENTIFYING lumpy purple potion
  6572 | D:8      | 6572 ||| Stepping ~*~*~tactically~*~*~ (hiding).
  6574 | D:8      | 6574 ||| Stepping ~*~*~tactically~*~*~ (stealth).
  6581 | D:8      | 6581 ||| INVOKING Heroism.
  6735 | D:8      | 6735 ||| Stepping ~*~*~tactically~*~*~ (stealth).
  6754 | D:8      | Reached ** piety under Okawaru
  6762 | D:8      | 6762 ||| INVOKING Heroism.
  6768 | D:8      | Reached XP level 10. HP: 35/63 MP: 10/13
  6861 | D:8      | 6861 ||| Stepping ~*~*~tactically~*~*~ (stealth).
  6974 | D:8      | 6974 ||| Stepping ~*~*~tactically~*~*~ (stealth).
  6975 | D:8      | 6975 ||| Stepping ~*~*~tactically~*~*~ (stealth).
  6977 | D:8      | 6977 ||| Stepping ~*~*~tactically~*~*~ (hiding).
  6978 | D:8      | 6978 ||| Stepping ~*~*~tactically~*~*~ (hiding).
  7173 | D:8      | 7173 ||| DROPPING orb of wrath.
  7174 | D:8      | 7174 ||| READING 4 scrolls of identify.
  7174 | D:8      | 7174 ||| IDENTIFYING fizzy grey potion
  7175 | D:8      | 7175 ||| READING 3 scrolls of identify.
  7175 | D:8      | 7175 ||| IDENTIFYING black potion
  7176 | D:8      | 7176 ||| READING 2 scrolls of identify.
  7176 | D:8      | 7176 ||| IDENTIFYING lumpy sapphire potion
  7177 | D:8      | 7177 ||| DROPPING potion of degeneration.
  7203 | D:9      | 7203 ||| Stepping ~*~*~tactically~*~*~ (hiding).
  7211 | D:9      | Reached skill level 10 in Axes
  7240 | D:9      | 7240 ||| Stepping ~*~*~tactically~*~*~ (stealth).
  7368 | D:9      | 7368 ||| Stepping ~*~*~tactically~*~*~ (stealth).
  7370 | D:9      | 7370 ||| Stepping ~*~*~tactically~*~*~ (stealth).
  7371 | D:9      | 7371 ||| INVOKING Heroism.
  7505 | D:9      | 7505 ||| INVOKING Heroism.
  7590 | D:9      | Noticed Prince Ribbit
  7622 | D:9      | Killed Prince Ribbit
  7774 | D:9      | Reached skill level 6 in Armour
  7836 | D:9      | 7836 ||| INVOKING Heroism.
  8071 | D:9      | 8071 ||| INVOKING Heroism.
  8101 | D:9      | 8101 ||| UPGRADING to +0 cloak.
  8106 | D:9      | 8106 ||| READING scroll labelled MUSEAG ROORAWE.
  8107 | D:9      | 8107 ||| READING 2 scrolls labelled CEF ANNEJARGH.
  8108 | D:9      | 8108 ||| READING scroll of enchant armour.
  8108 | D:9      | 8108 ||| ENCHANTING +0 cloak.
  8134 | D:10     | Entered Level 10 of the Dungeon
  8163 | D:10     | Noticed a gargoyle
  8171 | D:10     | 8171 ||| INVOKING Heroism.
  8179 | D:10     | Reached skill level 11 in Axes
  8180 | D:10     | Killed a gargoyle
  8180 | D:10     | Reached *** piety under Okawaru
  8183 | D:10     | Reached XP level 11. HP: 28/68 MP: 12/14
  8352 | D:10     | Reached skill level 9 in Fighting
  8453 | D:10     | Found a staircase to the Lair.
  8547 | D:10     | 8547 ||| Stepping ~*~*~tactically~*~*~ (hiding).
  8555 | D:10     | 8555 ||| INVOKING Heroism.
  8578 | D:10     | 8578 ||| Stepping ~*~*~tactically~*~*~ (stealth).
  8685 | D:10     | 8685 ||| Stepping ~*~*~tactically~*~*~ (hiding).
  8687 | D:10     | 8687 ||| Stepping ~*~*~tactically~*~*~ (hiding).
  8721 | D:10     | 8721 ||| DROPPING +0 flail.
  8791 | D:10     | 8791 ||| Stepping ~*~*~tactically~*~*~ (stealth).
  8808 | D:10     | 8808 ||| INVOKING Heroism.
  8965 | D:10     | Found a blossoming altar of Fedhas.
  8966 | D:10     | Found a hazy altar of Hepliaklqana.
  9138 | D:10     | 9138 ||| PLANNING LAIR
  9138 | D:10     | 9138 ||| UPGRADING to +0 helmet.
  9194 | Lair:1   | Entered Level 1 of the Lair of Beasts
  9195 | Lair:1   | 9195 ||| PLANNING GAUNTLET
  9230 | Lair:1   | Found a gate leading to a gauntlet.
  9240 | Gauntlet | Entered a Gauntlet
  9240 | Gauntlet | Noticed a hell hog
  9240 | Gauntlet | Noticed a wizard
  9240 | Gauntlet | Found a transporter.
  9240 | Gauntlet | Found a transporter.
  9240 | Gauntlet | Found a transporter.
  9241 | Gauntlet | Found a transporter.
  9244 | Gauntlet | Found a transporter.
  9254 | Gauntlet | Noticed a blizzard demon
  9256 | Gauntlet | Found a transporter.
  9268 | Gauntlet | Found a transporter.
  9276 | Gauntlet | Found a transporter.
  9293 | Gauntlet | Found a transporter.
  9300 | Gauntlet | Noticed a catoblepas
  9301 | Gauntlet | Found a transporter.
  9318 | Gauntlet | Found a transporter.
  9372 | Gauntlet | Found a transporter.
  9443 | Gauntlet | 9443 ||| INVOKING Heroism.
  9447 | Gauntlet | Killed from afar by a hell hog

Levels and vault maps discovered:
D:1:      dpeg_arrival_central, layout_loops_ring,
          hellmonk_ecumenical_altar_blasted, minmay_cupped
D:2:      layout_loops_ring, serial_shops, nicolae_shop_tiny_statue_garden,
          hangedman_decor_points
D:3:      layout_basic, nicolae_ru_great_annihilating_truth,
          ebering_ghost_reflecting_pool, gup_sewer_entry_bowl
D:4:      layout_loops_ring, lemuel_doored_altar, jmf_multi_god_temple,
          okawaru_altar_gauntlet_db, serial_glass, glass_columns_a,
          glass_columns_b, nrook_campfire
D:5:      layout_loops_ring, serial_shops, shop
D:6:      layout_basic, lemuel_crystal_altar, enter_ossuary_2,
          minmay_misc_feat_more_columns
D:7:      layout_cave_pools, ashenzari_altar_1, kennysheep_mini,
          lemuel_temple_firewalk_b, ebering_dispersal_statue_hall,
          kennysheep_crisscross
D:8:      layout_basic
D:9:      layout_roguey, hangedman_weighted_door, minmay_fire_ice_demons,
          uniq_prince_ribbit1
D:10:     layout_long_grid, gammafunk_temple_overflow_statue,
          minmay_lair_entry_grove, hangedman_decor_slide_cut
Lair:1:   gammafunk_boulding_lane, layout_loops_ring, gauntlet_entry_generic,
          beast_lair_carwin_1, grunt_megastairs_5, uniq_gastronok, uniq_sonja
Gauntlet: gammafunk_gauntlet_shortcut [gammafunk_gauntlet_arena_corners,
          nicolae_gauntlet_arena_blocks, gammafunk_gauntlet_arena_hedges,
          gammafunk_gauntlet_arena_split_diamond, nicolae_gauntlet_swirl,
          gammafunk_gauntlet_arena_teeth, gauntlet_exit_watery]

Skill      XL: |  1  2  3  4  5  6  7  8  9 10 11 |
---------------+----------------------------------+-----
Axes           | 2 3 5 6 7 8 9 11 | 11.6
Fighting       | 4 5 7 8 9 |  9.1
Dodging        | 1 2 |  2.3
Throwing       | 2 |  2.2
Invocations    | 4 |  4.2
Armour         | 4 5 7 |  7.5
Shields        | 4 5 |  5.0

Action                     |  1- 3 |  4- 6 |  7- 9 | 10-12 || total
---------------------------+-------+-------+-------+-------++-------
  Melee: War axe           |   115 |   102 |   342 |   225 ||   784
  Throw: Boomerang         |       |     4 |    90 |    51 ||   145
 Invoke: Heroism           |       |       |    12 |     8 ||    20
    Use: Scroll            |     4 |     2 |     2 |     6 ||    14
         Potion            |     1 |     2 |     3 |       ||     6
   Stab: Invisible         |       |       |     1 |       ||     1
 Armour: Scale mail        |    73 |     3 |       |       ||    76
         Chain mail        |       |    32 |       |       ||    32
         Plate armour      |       |    23 |   207 |   189 ||   419
  Dodge: Dodged            |    30 |    33 |    91 |   115 ||   269
  Block: Buckler           |    23 |    24 |    49 |    53 ||   149

Table legend:
 A = Non-vault XP
 B = Vault XP
 C = Vault XP percentage of total XP
 D = Non-vault monster count
 E = Vault monster count
 F = Vault count percentage of total count
                 A         B        C        D         E       F
            +---------+---------+-------+---------+---------+-------
      Total |    8326 |    3675 |  30.6 |     205 |      38 |  15.6
            +---------+---------+-------+---------+---------+-------
        D:1 |      38 |       8 |  17.4 |      18 |       3 |  14.3
        D:2 |      77 |       0 |   0.0 |      17 |       0 |   0.0
        D:3 |      57 |      43 |  43.0 |      19 |       7 |  26.9
        D:4 |     273 |      42 |  13.3 |      33 |       8 |  19.5
        D:5 |    1020 |       0 |   0.0 |      17 |       0 |   0.0
        D:6 |     599 |       0 |   0.0 |      13 |       0 |   0.0
        D:7 |    1549 |       0 |   0.0 |      33 |       0 |   0.0
        D:8 |    1071 |       0 |   0.0 |      13 |       0 |   0.0
        D:9 |    1556 |    1205 |  43.6 |      21 |       8 |  27.6
       D:10 |    1849 |    2377 |  56.2 |      19 |      12 |  38.7
     Lair:1 |     237 |       0 |   0.0 |       2 |       0 |   0.0
            +---------+---------+-------+---------+---------+-------
